Map: Emerald City LE

Players

Massa

  • Race: Terran Terran
  • League: Gold
  • Spawn Location: 5:00

qqq

  • Race: Protoss Protoss
  • League: Platinum
  • Spawn Location: 5:00

LilleSkutt - Winner!

  • Race: Terran Terran
  • League: Platinum
  • Spawn Location: 11:00

Bamse - Winner!

  • Race: Zerg Zerg
  • League: Gold
  • Spawn Location: 11:00

VOD

Have the link to the VOD?

Description

Time

  • Played on: June 7, 2020, 5:24 a.m.
  • Length: 16:31
Show
View Real Time Build Order
Export as new Build Order

Massa Terran 

Build Orders: 2 Factory 

Get SALT Encoding   

  12  0:09  SCV  
  13  0:20  Supply Depot  
  13  0:21  SCV  
  14  0:33  SCV  
  15  0:43  Barracks  
  15  0:45  SCV  
  16  0:58  SCV  
  17  1:04  Refinery  
  17  1:07  Refinery  
  17  1:10  SCV  
  18  1:22  SCV  
  19  1:34  Barracks  
  19  1:36  Marine  
  20  1:46  SCV  
  21  1:53  Marine  
  22  1:58  SCV  
  23  2:23  Supply Depot  
  23  2:27  Supply Depot  
  23  2:44  Marine  
  23  2:45  Marine  
  23  2:50  Supply Depot  
  25  2:54  Command Center  
  25  2:57  SCV  
  26  3:02  Marine  
  26  3:03  Marine  
  28  3:09  SCV  
  28  3:11  Factory  
  29  3:21  SCV  
  29  3:25  Factory  
  30  3:32  Marine x2  
  32  3:50  Marine x2  
  33  3:56  Factory Reactor  
  33  4:01  Orbital Command  
  33  4:06  SCV  
  34  4:11  Factory Tech Lab  
  34  4:14  Barracks Reactor  
  34  4:17  Barracks Tech Lab  
  34  4:18  SCV  
  35  4:30  SCV  
  36  4:31  Engineering Bay  
  36  4:38  SCV  
  37  4:43  Widow Mine, SCV  
  42  4:45  Widow Mine  
  42  4:50  SCV  
  43  4:55  SCV  
  44  5:02  SCV  
  44  5:04  Widow Mine  
  50  5:07  Widow Mine, SCV  
  50  5:17  Siege Tank  
  50  5:19  SCV x2  
  55  5:24  Refinery  
  55  5:26  Widow Mine  
  55  5:27  Supply Depot  
  59  5:28  Widow Mine  
  59  5:31  SCV x2  
  61  5:49  SCV  
  62  5:52  Supply Depot  
  62  5:54  Missile Turret  
  62  6:01  Missile Turret  
  62  6:05  Supply Depot  
  62  6:14  Widow Mine, Siege Tank  
  67  6:21  Missile Turret  
  67  6:27  Supply Depot  
  67  6:29  Combat Shield  
  67  6:41  Missile Turret  
  67  6:48  Armory  
  67  6:52  Engineering Bay  
  67  6:54  Terran Infantry Weapons Level 1  
  67  7:05  Sensor Tower  
  67  7:17  Widow Mine x2  
  67  7:22  Siege Tank  
  74  7:23  Marauder, Marine x2  
  74  7:28  SCV  
  80  7:32  Orbital Command  
  79  7:39  Widow Mine x2  
  79  7:40  SCV, Missile Turret  
  79  7:41  Marine x2  
  86  7:48  Missile Turret, Stimpack  
  86  7:56  Supply Depot  
  86  7:57  Supply Depot  
  86  8:18  Widow Mine, Marauder, Marine x2  
  92  8:21  Supply Depot  
  92  8:23  Supply Depot  
  92  8:31  Drilling Claws  
  92  8:35  Marine x2  
  92  8:39  Marauder  
  96  8:44  Supply Depot  
  96  8:45  Supply Depot  
  96  8:48  Terran Infantry Armor Level 1  
  96  9:00  Marine  
  97  9:03  Marine x2  
  99  9:19  Marauder  
  99  9:21  Marine x2  
  103  9:27  Command Center  
  103  9:36  Terran Vehicle Weapons Level 1  
  103  9:37  Terran Infantry Weapons Level 2  
  103  9:39  Marine  
  103  9:40  Marauder  
  106  10:01  Marauder  
  69  10:42  Marauder, Marine x2  
  65  10:54  Siege Tank  
  68  11:00  Marine x2  
  68  11:03  Marauder  
  72  11:05  Widow Mine x2  
  76  11:18  Marine x2  
  77  11:24  Barracks  
  77  11:25  Marauder  
  80  11:26  Widow Mine, Siege Tank  
  80  11:27  Widow Mine  
  87  11:44  Starport  
  87  11:46  Starport, Marauder  
  89  11:48  Widow Mine x2  
  93  11:55  Missile Turret  
  93  11:58  Thor  
  93  12:00  Sensor Tower  
  99  12:08  Marauder  
  101  12:09  Widow Mine  
  101  12:10  Sensor Tower  
  101  12:11  Marine x2  
  101  12:12  Barracks  
  105  12:18  Terran Infantry Armor Level 2  
  105  12:19  Terran Infantry Weapons Level 3  
  105  12:20  Terran Vehicle And Ship Armor Level 1  
  100  12:23  Medivac  
  100  12:29  Marauder, Marine x2  
  96  12:41  Thor  
  102  12:46  Marine  
  102  12:47  Marine  
  102  12:50  Marauder  
  102  13:04  Marine x2  
  94  13:12  Marauder  
  81  13:13  Barracks Reactor x2  
  81  13:16  Hellion x2  
  79  13:22  Marine x2  
  73  13:33  Marauder  
  75  13:37  Hellion x2  
  75  13:40  Marine x2  
  79  13:49  Marine x4  
  79  13:52  Command Center  
  79  13:54  Marauder, Bunker  
  85  13:58  Hellion x2, Marine x2  
  91  14:06  Marine  
  91  14:07  Marine x2  
  94  14:13  Concussive Shells  
  94  14:16  Marauder  
  96  14:37  Marauder  
  89  14:59  Marauder  
  91  15:02  Marine x2  
  91  15:03  Marine x4  
  91  15:05  Widow Mine x2  
  92  15:26  Widow Mine  
  92  15:27  Widow Mine  
  89  15:48  Widow Mine  
  91  15:56  Command Center  
Show
View Real Time Build Order
Export as new Build Order

qqq Protoss 

Build Orders: Oracle Opening, Carriers 

Get SALT Encoding   

  12  0:02  Probe  
  13  0:18  Pylon  
  13  0:29  Pylon  
  13  0:30  Probe  
  14  0:42  Probe  
  15  0:48  Gateway  
  15  0:54  Probe  
  16  0:58  Pylon  
  16  1:06  Probe  
  16  1:08  Assimilator  
  17  1:36  Assimilator  
  17  1:37  Probe  
  18  1:43  Cybernetics Core  
  18  1:49  Probe  
  19  2:01  Probe  
  20  2:13  Probe  
  21  2:25  Probe  
  21  2:28  Stargate, Forge  
  22  2:37  Probe  
  23  2:50  Probe, Nexus  
  24  3:11  Oracle (Chrono Boost)  
  27  3:30  Pylon  
  27  3:40  Oracle (Chrono Boost)  
  27  3:47  Stargate  
  30  4:03  Probe  
  30  4:09  Oracle (Chrono Boost)  
  34  4:13  Assimilator  
  34  4:15  Probe  
  35  4:19  Assimilator  
  35  4:27  Probe  
  39  4:38  Oracle  
  39  4:39  Probe  
  40  4:51  Probe  
  41  5:04  Probe  
  42  5:17  Oracle  
  42  5:20  Probe  
  46  5:44  Pylon  
  46  5:45  Pylon  
  46  5:48  Pylon  
  46  5:51  Pylon  
  46  5:59  Oracle (Chrono Boost)  
  46  6:01  Probe (Chrono Boost)  
  46  6:03  Oracle (Chrono Boost)  
  50  6:10  Probe  
  54  6:22  Probe  
  55  6:29  Oracle  
  58  6:33  Oracle  
  58  6:34  Probe  
  62  6:46  Probe  
  63  6:58  Probe  
  58  7:06  Oracle  
  61  7:11  Probe, Oracle  
  56  7:23  Probe  
  57  7:43  Phoenix  
  59  7:45  Fleet Beacon  
  59  7:47  Phoenix  
  61  8:08  Phoenix  
  63  8:12  Phoenix  
  65  8:21  Stargate  
  65  8:23  Fleet Beacon  
  65  8:29  Probe  
  66  8:37  Protoss Air Weapons Level 1  
  66  8:41  Probe  
  67  8:50  Nexus  
  67  8:53  Probe  
  62  8:57  Nexus  
  59  9:05  Probe  
  49  9:13  Carrier  
  49  9:14  Carrier  
  61  9:17  Probe  
  62  9:30  Probe  
  63  9:33  Tempest  
  68  9:42  Probe  
  69  9:53  Robotics Facility  
  69  9:54  Probe  
  69  10:06  Probe  
  70  10:18  Probe  
  77  10:21  Carrier  
  77  10:46  Protoss Air Armor Level 1  
  77  10:48  Probe  
  78  11:11  Nexus  
  78  11:20  Nexus  
  78  11:30  Nexus  
  78  11:31  Pylon  
  78  11:33  Pylon  
  78  11:36  Pylon  
  78  11:38  Pylon  
  78  11:40  Pylon  
  78  11:43  Pylon  
  78  11:45  Robotics Bay  
  78  11:49  Mothership  
  86  11:56  Carrier x2  
  91  12:30  Carrier  
  94  12:56  Colossus  
  100  13:00  Carrier  
  106  13:33  Carrier  
  108  13:49  Colossus  
  114  14:05  Nexus  
  114  14:14  Nexus  
  114  14:25  Nexus  
  96  14:41  Carrier x2  
  71  15:30  Colossus  
Show
View Real Time Build Order
Export as new Build Order

LilleSkutt Terran - Winner!

Build Orders:  

Get SALT Encoding   

  12  0:01  SCV  
  13  0:13  SCV  
  14  0:18  Supply Depot  
  14  0:25  SCV  
  15  0:40  SCV, Barracks  
  16  0:52  SCV  
  17  1:04  SCV  
  18  1:16  SCV  
  19  1:28  SCV  
  20  1:33  Command Center  
  20  1:40  Orbital Command  
  20  1:44  Barracks  
  20  1:53  Marine  
  21  1:57  Barracks  
  21  2:09  SCV, Supply Depot  
  21  2:11  Marine  
  23  2:20  Supply Depot  
  23  2:27  Refinery  
  23  2:30  Refinery  
  23  2:31  SCV  
  24  2:37  Marine  
  24  2:39  Marine  
  26  2:46  Orbital Command  
  26  2:49  SCV  
  27  2:52  Marine  
  27  2:56  Marine  
  29  2:59  Marine  
  29  3:01  SCV  
  31  3:11  Barracks Tech Lab  
  31  3:13  SCV  
  31  3:14  Marine  
  33  3:20  SCV  
  33  3:22  Barracks Reactor  
  33  3:26  Barracks  
  34  3:30  Marine  
  34  3:31  Stimpack  
  34  3:32  Marine  
  36  3:39  SCV  
  36  3:40  SCV, Supply Depot  
  38  3:48  Marine  
  38  3:51  Marine  
  41  3:55  SCV x2  
  41  4:01  Marine x2  
  41  4:02  Factory  
  44  4:06  Marine  
  44  4:07  SCV  
  44  4:09  Marine  
  47  4:11  SCV  
  48  4:19  SCV, Marine x2  
  48  4:22  Marine  
  48  4:23  SCV  
  53  4:24  Refinery  
  53  4:30  Marine x2  
  55  4:32  SCV  
  55  4:35  SCV  
  55  4:37  Marine x2  
  59  4:40  Marine  
  59  4:44  SCV  
  61  4:48  Marine x2  
  58  4:54  Marine  
  58  4:56  Marine  
  58  4:57  Marine  
  57  5:06  Marine x2  
  55  5:07  Starport  
  55  5:11  Combat Shield  
  52  5:14  Marine x2  
  52  5:15  Marine  
  54  5:39  SCV x2, Marine x2  
  54  5:40  Marauder, Marine x2  
  62  5:53  Supply Depot  
  62  6:12  Engineering Bay  
  62  6:15  SCV x2, Marauder, Marine x4  
  70  6:22  Supply Depot  
  70  6:33  Starport  
  70  6:43  SCV x2, Liberator  
  75  6:52  Missile Turret x2  
  75  6:53  Missile Turret  
  75  6:55  SCV x2  
  75  7:00  Supply Depot  
  64  7:09  Marine x5  
  66  7:26  Marine  
  57  7:41  SCV  
  57  7:42  SCV  
  59  7:55  Marine x5  
  64  7:59  SCV x2  
  66  8:12  SCV x2  
  68  8:17  Refinery  
  68  8:20  Marine, Terran Infantry Weapons Level 1  
  68  8:21  Marine x2  
  68  8:24  SCV x2  
  70  8:36  SCV x2  
  73  8:48  SCV x2  
  73  8:52  Command Center  
  57  9:13  Marauder, Marine x3  
  57  9:14  Medivac  
  57  9:16  Marine  
  65  9:30  Marine, Supply Depot  
  65  9:31  Marine x2  
  67  9:34  Marine  
  67  9:37  Command Center  
  69  9:44  Medivac  
  68  9:50  SCV x2  
  70  9:57  Marauder, Marine x4  
  76  10:02  SCV x2  
  76  10:03  Supply Depot  
  78  10:09  Planetary Fortress  
  78  10:14  SCV x2, Marine  
  78  10:18  Marauder  
  83  10:26  SCV x2  
  84  10:38  SCV  
  84  10:39  SCV  
  83  10:47  Marine  
  83  10:48  Marine x4  
  80  10:53  SCV x2  
  80  10:54  SCV x2  
  78  11:05  SCV x2, Marine x3  
  78  11:06  SCV, Marauder, Marine  
  87  11:11  Planetary Fortress  
  87  11:17  SCV  
  87  11:18  SCV  
  88  11:20  Factory Tech Lab  
  88  11:23  Marine x2  
  88  11:25  Barracks x2, Medivac x2  
  90  11:28  Marauder  
  90  11:29  Barracks  
  90  11:32  Armory  
  96  11:33  SCV, Armory  
  96  11:35  Engineering Bay  
  97  11:42  Marine x2  
  97  11:43  Marine x2  
  101  11:49  Marauder  
  103  11:55  Medivac  
  103  12:00  Marine x3  
  107  12:01  Marine  
  104  12:11  Marauder  
  104  12:21  SCV x3  
  104  12:22  SCV, Marine x3  
  97  12:32  Marauder  
  95  12:37  Marine  
  95  12:39  Marine  
  95  12:40  Marine  
  98  12:50  Marine  
  94  12:53  SCV x4, Marauder  
  94  12:55  Marine  
  94  12:57  Marine x5  
  102  12:58  Medivac  
  102  12:59  Medivac  
  102  13:05  SCV  
  107  13:08  Marine  
  107  13:13  Marine  
  107  13:14  Marine  
  107  13:15  Marine x5  
  113  13:26  Marine  
  102  13:28  Medivac  
  102  13:31  Marine  
  102  13:32  Marine x2  
  102  13:33  SCV x4, Marine  
  100  13:34  Marine x2  
  100  13:35  Marine  
  100  13:38  Terran Infantry Weapons Level 2  
  100  13:39  Terran Infantry Armor Level 1  
  100  13:41  Terran Vehicle And Ship Armor Level 1  
  103  13:44  Marine  
  103  13:45  SCV x2  
  106  13:48  Marine  
  106  13:50  Marauder, Marine  
  106  13:51  Marine  
  106  13:52  Marine x3  
  114  14:01  Marine  
  115  14:06  Marine  
  115  14:07  Refinery x2  
  115  14:08  Refinery, SCV x3  
  115  14:09  Marine x2  
  121  14:10  Marine x3  
  121  14:11  Missile Turret  
  121  14:12  Refinery, Marauder, Missile Turret x2  
  126  14:18  Command Center  
  126  14:19  Refinery, Marine  
  126  14:22  Medivac  
  129  14:24  Marine  
  129  14:26  Marine  
  129  14:27  Marine  
  129  14:28  Marine x3  
  135  14:33  Marauder  
  135  14:37  Marine  
  138  14:42  Marine  
  139  14:49  Marine  
  140  15:04  Marine  
  140  15:08  Marine  
  140  15:09  Marine  
  140  15:11  Marine  
  140  15:14  Medivac  
  140  15:15  Marauder, Sensor Tower  
  138  15:24  Marine x4  
  138  15:26  Marine  
  138  15:27  Sensor Tower, Marine  
  137  15:32  Marine  
  137  15:36  Marauder, Medivac  
  137  15:42  Marine x4  
  145  15:44  Marine, Medivac  
  145  15:45  Marine  
  149  15:50  Marine  
  149  15:52  SCV x2  
  149  15:53  SCV x2, Supply Depot  
  149  15:54  SCV, Supply Depot  
  154  15:59  Marine  
  155  16:07  Supply Depot  
  155  16:10  Marine  
  155  16:11  Marine  
  155  16:14  SCV  
Show
View Real Time Build Order
Export as new Build Order

Bamse Zerg - Winner!

Build Orders: Hatch First, Roach Hydra 

Get SALT Encoding   

  12  0:00  Drone  
  13  0:08  Drone  
  14  0:16  Overlord  
  14  0:35  Drone x3  
  17  0:46  Drone  
  18  0:57  Hatchery  
  18  0:59  Drone  
  18  1:12  Spawning Pool  
  18  1:16  Drone  
  18  1:24  Drone  
  19  1:35  Drone, Extractor  
  19  1:41  Drone  
  20  1:50  Drone  
  21  2:03  Overlord  
  21  2:08  Queen  
  21  2:09  Queen  
  21  2:10  Drone  
  26  2:26  Drone x2  
  28  2:31  Drone  
  28  2:32  Drone  
  28  2:36  Drone  
  31  2:45  Hatchery  
  30  2:53  Evolution Chamber  
  30  2:57  Roach Warren  
  28  3:00  Drone x2  
  28  3:01  Drone x2  
  28  3:05  Queen  
  32  3:09  Overlord  
  34  3:17  Drone x2  
  36  3:25  Zerg Missile Weapons Level 1  
  36  3:34  Zergling x2  
  37  3:47  Drone x5  
  42  3:56  Drone x4  
  42  3:57  Drone x3, Extractor  
  42  3:58  Extractor, Lair  
  47  4:09  Queen  
  49  4:10  Drone  
  49  4:11  Overlord  
  50  4:27  Extractor, Drone  
  50  4:30  Drone  
  50  4:31  Drone x7  
  58  4:54  Spore Crawler  
  58  4:58  Spore Crawler  
  56  5:01  Spore Crawler  
  56  5:05  Roach  
  57  5:30  Drone  
  57  5:32  Overlord x6  
  58  5:44  Zerg Missile Weapons Level 2  
  58  5:45  Glial Reconstitution  
  58  5:52  Hydralisk Den  
  58  5:53  Drone  
  58  5:54  Drone x9  
  58  5:55  Drone x3  
  58  5:56  Extractor  
  69  5:59  Extractor  
  68  6:08  Hatchery  
  67  6:11  Roach x2  
  67  6:12  Roach x4  
  79  6:24  Spine Crawler  
  78  6:28  Grooved Spines, Evolution Chamber  
  78  6:32  Hydralisk x7  
  81  6:33  Hydralisk  
  93  6:41  Spine Crawler  
  93  6:43  Spine Crawler  
  93  6:47  Pneumatized Carapace  
  91  6:48  Overseer  
  91  6:57  Drone x9  
  100  7:03  Hydralisk x2  
  102  7:17  Hydralisk x4  
  106  7:31  Hydralisk x3  
  106  7:36  Overlord x3  
  106  7:37  Overlord x3  
  112  7:39  Muscular Augments  
  112  7:43  Spire  
  111  7:55  Nydus Network  
  110  8:10  Roach x9  
  110  8:11  Roach x2  
  132  8:14  Overlord  
  132  8:18  Burrow  
  132  8:33  Tunneling Claws  
  132  8:35  Zerg Ground Armor Level 1  
  132  8:40  Drone x3  
  132  8:41  Drone x8  
  139  8:42  Drone x5  
  148  9:03  Hydralisk x4  
  148  9:04  Hydralisk x6  
  168  9:16  Infestation Pit  
  167  9:23  Extractor  
  166  9:24  Extractor  
  165  9:31  Overlord x2  
  165  9:32  Overlord x6  
  165  9:35  Hatchery  
  127  10:25  Roach x4  
  127  10:26  Roach x10  
  127  10:27  Roach x2  
  129  10:51  Corruptor x2  
  129  10:52  Corruptor x7  
  147  11:01  Zerg Flyer Weapons Level 1  
  147  11:07  Zerg Ground Armor Level 2, Spire  
  146  11:18  Drone x3  
  149  11:27  Corruptor  
  149  11:28  Corruptor x3  
  149  11:30  Overseer  
  157  11:37  Metabolic Boost  
  157  11:40  Zergling x4  
  157  11:41  Zergling x20  
  157  11:42  Zergling x10  
  174  12:04  Corruptor x5  
  174  12:05  Corruptor x2  
  169  12:55  Zerg Flyer Armor Level 1  
  117  13:22  Zergling x14  
  117  13:23  Zergling x18  
  117  13:24  Zergling x16  
  137  13:53  Corruptor x2  
  137  13:54  Corruptor x8  
  137  13:55  Corruptor x7  
  161  13:59  Zerg Flyer Weapons Level 2  
  106  15:06  Zergling x10  
  106  15:07  Zergling x18  
  113  15:08  Zergling x6  
  119  15:18  Zergling x6  
Tags
 
Add a new tag
Caveats
  • Supply blocks, unpowered buildings, or Contaminate may cause inaccurate times.
  • Supply counts are checked every 10 seconds.